 Dungeon Crawl Stone Soup version 0.25-a0-860-gf695395b5c (webtiles) character file.

Game seed: 8867511091349984396, levelgen mode: deterministic

13 Esekla the Charmwright (level 2, -2/16 HPs)
             Began as a Deep Elf Skald on Apr 29, 2020.
             Slain by a worm (7 damage)
             ... on level 2 of the Dungeon.
             The game lasted 00:05:14 (587 turns).

Esekla the Charmwright (Deep Elf Skald)              Turns: 587, Time: 00:05:14

Health: -2/16      AC:  3    Str:  8    XL:     2   Next: 24%
Magic:  8/8        EV: 12    Int: 17    God:
Gold:   34         SH:  0    Dex: 14    Spells: 6/7 levels left

rFire    . . .     SeeInvis .   a - +0 falchion
rCold    . . .     Gourm    .   (no shield)
rNeg     . . .     Faith    .   b - +0 leather armour
rPois    .         Spirit   .   (no helmet)
rElec    .         Reflect  .   (no cloak)
rCorr    .         Harm     .   (no gloves)
MR       .....                  (no boots)
Stlth    +.........             (no amulet)
HPRegen  0.05/turn              (no ring)
MPRegen  0.11/turn              (no ring)

@: no status effects
A: no striking features
a: no special abilities


You were on level 2 of the Dungeon.
You were not hungry.

You visited 1 branch of the dungeon, and saw 2 of its levels.

You collected 34 gold pieces.

Inventory:

Hand Weapons
 a - a +0 falchion (weapon)
Armour
 b - a +0 leather armour (worn)
Scrolls
 c - a scroll of remove curse {unknown}
 e - a scroll of blinking {unknown}
 g - a scroll of identify {unknown}
Potions
 f - 2 potions of curing {unknown}
Comestibles
 d - a ration


   Skills:
 + Level 1.6 Fighting
 + Level 2.3 Long Blades
 + Level 0.7 Armour
 + Level 2.4 Dodging
 + Level 3.1 Spellcasting
 + Level 4.6 Charms


You had 6 spell levels left.
You knew the following spells:

 Your Spells              Type           Power        Failure   Level  Hunger
a - Infusion              Chrm           ###.         3%          1    None

Your spell library contained the following spells:

 Spells                   Type           Power        Failure   Level  Hunger
 Song of Slaying          Chrm           ###.....     5%          2    ##.....
 Shroud of Golubria       Chrm/Tloc      ##....       14%         2    ##.....
 Ozocubu's Armour         Chrm/Ice       ##......     28%         3    ###....
 Spectral Weapon          Hex/Chrm       ##......     28%         3    ###....


Dungeon Overview and Level Annotations

Branches:
Dungeon (2/15)

Altars:


Message History

There is an open door here.
Your leather armour prevents you from hitting the kobold.
The kobold hits you but does no damage.
The kobold hits you with a +0 short sword.
You hit the kobold.
You kill the kobold!
You close the door.
You start resting.
HP restored.
As you open the door, it creaks loudly!
You hit the worm.
The worm is lightly wounded.
The worm misses you.
You hit the worm but do no damage. You barely miss the worm.
The worm bites you!
Ouch! That really hurt!
You hit the worm.
The worm is moderately wounded.
The worm bites you!
You die...

#.# #.w.K..#
#.# #.####.#
#.###.#..#.#
#........#'###
#......<.....#
+.....w......#
#........)...#
#.########w###
#.# #.....@###
...
#.###....###
##..
#..........#
#..
######<#.#.#
#..# ###...#
#####


You could see a worm.

Vanquished Creatures
  3 bats (D:1)
  2 goblins (D:1)
  A hobgoblin (D:1)
  3 kobolds
  3 rats (D:1)
12 creatures vanquished.

Notes
Turn   | Place    | Note
-------+----------+-------------------------------------------
     0 | D:1      | Esekla the Deep Elf Skald began the quest for the Orb.
     0 | D:1      | Reached XP level 1. HP: 12/12 MP: 6/6
   178 | D:1      | Reached XP level 2. HP: 5/16 MP: 8/8
   587 | D:2      | Slain by a worm

Levels and vault maps discovered:
D:1:      dpeg_arrival_windows_large_door, layout_basic,
          minmay_misc_feat_columns, hangedman_decor_points
D:2:      layout_basic, first_ration, minmay_split_cup_large

Skill      XL: |  1 |
---------------+----+-----
Long Blades    | 2 |  2.3
Fighting       | |  1.6
Armour         | |  0.7
Dodging        | |  2.4
Spellcasting   | |  3.1
Charms         | |  4.6

Action                   || total
-------------------------++-------
Melee: Falchion          ||    37
 Stab: Sleeping          ||     1
Armor: Leather armour    ||    13
Dodge: Dodged            ||    15
       Rpst.: Falchion   ||     3

Table legend:
 A = Non-vault XP
 B = Vault XP
 C = Vault XP percentage of total XP
 D = Non-vault monster count
 E = Vault monster count
 F = Vault count percentage of total count
                 A         B        C        D         E       F
            +---------+---------+-------+---------+---------+-------
      Total |      19 |       0 |   0.0 |      12 |       0 |   0.0
            +---------+---------+-------+---------+---------+-------
        D:1 |      17 |       0 |   0.0 |      11 |       0 |   0.0
        D:2 |       2 |       0 |   0.0 |       1 |       0 |   0.0
            +---------+---------+-------+---------+---------+-------
